 Dungeon Crawl Stone Soup version 0.31-a0-182-gc5ef74bbde (webtiles) character file.

Game seed: 11317344149033424130

2287890 Anon1729 the Severer (level 22, 211/211 HPs)
             Began as a Minotaur Monk on June 20, 2023.
             Was a Follower of Uskayaw.
             Escaped with the Orb
             ... and 3 runes!
             The game lasted 00:50:28 (35540 turns).

Anon1729 the Severer (Minotaur Monk)               Turns: 35540, Time: 00:50:28

Health: 211/211    AC: 30    Str: 31    XL:     22   Next: 78%
Magic:  33/33      EV: 24    Int:  6    God:    Uskayaw [*.....]
Gold:   2405       SH:  0    Dex: 15    Spells: 21/21 levels left

rFire   + + .        W - +8 broad axe (freeze)
rCold   + . .        d - orb {light}
rNeg    . . .        u - +5 chain mail of the Buccaneer {rElec Slay+5}
rPois   +            O - +2 hood of the Assassin {Detect Stab+ Stlth++}
rElec   +            w - +2 cloak {rPois}
rCorr   .            (no gloves)
SInv    .            m - +2 pair of boots
Will    ++...        y - amulet of Uliq {Rampage rF++ Will+ Regen+}
Stlth   +            I - ring of protection from cold
HPRegen 1.35/turn    N - ring "Nagudepp" {EV+5 Str+5}
MPRegen 0.23/turn

%: rampage
@: glowing
A: horns 2, retaliatory headbutt, clumsy 1, poison resistance, strong 1
0: Orb of Zot
}: 3/15 runes: serpentine, barnacled, slimy
a: Renounce Religion, Stomp


You escaped.
You worshipped Uskayaw.
Uskayaw was most pleased with you.
You visited 9 branches of the dungeon, and saw 45 of its levels.
You also visited: Ice Cave.

You collected 4410 gold pieces.
You spent 2005 gold pieces at shops.

Inventory:

Hand Weapons
 W - a +8 broad axe of freezing (weapon)
Missiles
 c - 2 curare-tipped darts
 z - 5 throwing nets
Armour
 d - an orb of light (worn)
 e - the +8 chain mail of Rutrunlo {Fly rPois rCorr Int-3}
   (You found it on level 9 of the Dungeon)

   Int:       It affects your intelligence (-3).
   rPois:     It protects you from poison.
   Fly:       It grants you flight.
   rCorr:     It protects you from acid and corrosion.
 m - a +2 pair of boots (worn)
 u - the +5 chain mail of the Buccaneer (worn) {rElec Slay+5}
   (You took it off an orc on level 3 of the Dungeon)

   Slay:      It affects your accuracy & damage with ranged weapons and melee
   (+5).
   rElec:     It insulates you from electricity.
 w - a +2 cloak of poison resistance (worn)
 H - +0 gold dragon scales
 O - the +2 hood of the Assassin (worn) {Detect Stab+ Stlth++}
   (You found it in an ice cave)

   Detect:    It allows the wearer to sense nearby creatures.
   Stab+:     It allows the wearer to make particularly effective stabbing
   attacks against helpless or unaware enemies with any weapon.
   Stlth:     It makes you much more stealthy.
Jewellery
 b - a ring of protection from fire
 p - a ring of ice
 y - the amulet of Uliq (around neck) {Rampage rF++ Will+ Regen+}
   (You found it on level 4 of the Dungeon)

   [amulet of regeneration]

   rF:        It greatly protects you from fire.
   Regen:     It increases your rate of health regeneration.
   Rampage:   It bestows one free step when moving towards enemies.
   Will:      It increases your willpower.
 I - a ring of protection from cold (left hand)
 N - the ring "Nagudepp" (right hand) {EV+5 Str+5}
   (You bought it in a shop on level 2 of the Orcish Mines)

   [ring of evasion]

   EV:        It affects your evasion (+5).
   Str:       It affects your strength (+5).
 T - the ring "Xuynnatu" {*Slow Will+++ Dex+6 Slay+4}
   (You found it on level 5 of the Pits of Slime)

   [ring of dexterity]

   Dex:       It affects your dexterity (+6).
   Slay:      It affects your accuracy & damage with ranged weapons and melee
   (+4).
   *Slow:     It may slow you when you take damage.
   Will:      It greatly increases your willpower.
Wands
 C - a wand of mindburst (17)
 E - a wand of iceblast (48)
 G - a wand of charming (14)
 R - a wand of light (18)
 S - a wand of flame (33)
 V - a wand of digging (19)
 X - a wand of polymorph (9)
Scrolls
 a - 2 scrolls of silence
 f - 4 scrolls of fear
 g - 7 scrolls of poison
 j - 17 scrolls of teleportation
 n - 7 scrolls of vulnerability
 o - 4 scrolls of enchant armour
 q - 9 scrolls of fog
 r - 21 scrolls of identify
 s - a scroll of blinking
 v - 3 scrolls of summoning
 A - 4 scrolls of immolation
 D - 2 scrolls of torment
 Y - 4 scrolls of amnesia
Potions
 h - 6 potions of attraction
 i - 3 potions of curing
 k - 7 potions of magic
 l - 6 potions of might
 x - 6 potions of berserk rage
 B - 9 potions of brilliance
 F - 5 potions of enlightenment
 J - 5 potions of mutation
 L - a potion of haste
 Q - a potion of ambrosia
 U - 3 potions of invisibility
 Z - 4 potions of lignification
Miscellaneous
 P - a phial of floods (inert)


   Skills:
 + Level 20.5 Fighting
 - Level 12.4 Short Blades
 + Level 20.8 Axes
 + Level 20.2 Armour
 + Level 18.6 Dodging
 * Level 15.5 Shields
 + Level 16.9 Invocations
 + Level 8.3 Evocations


You had 21 spell levels left.
You didn't know any spells.
Your spell library contained the following spells:

 Spells                   Type           Power      Damage    Failure   Level
 Foxfire                  Conj/Fire      0%         2x1d4     75%         1
 Kiss of Death            Conj/Necr      0%         2d5       75%         1
 Sting                    Tmut/Pois      0%         1d3       75%         1
 Cigotuvi's Dreadful Rot  Necr/Pois/Air  0%         N/A       86%         2
 Ensorcelled Hibernation  Hex/Ice        0%         N/A       86%         2
 Lesser Beckoning         Tloc           0%         N/A       86%         2
 Passwall                 Tmut/Erth      0%         N/A       86%         2
 Poisonous Vapours        Pois/Air       0%         N/A       86%         2
 Sublimation of Blood     Necr           0%         N/A       86%         2
 Wereblood                Tmut           0%         N/A       86%         2
 Call Canine Familiar     Summ           0%         N/A       98%         3
 Confusing Touch          Hex            0%         N/A       98%         3
 Dazzling Flash           Conj/Hex       0%         N/A       98%         3
 Gell's Gravitas          Tloc           0%         N/A       98%         3
 Ignite Poison            Fire/Tmut/Pois 0%         N/A       98%         3
 Inner Flame              Hex/Fire       0%         N/A       98%         3
 Ozocubu's Armour         Ice            0%         N/A       98%         3
 Portal Projectile        Hex/Tloc       0%         N/A       98%         3
 Stone Arrow              Conj/Erth      0%         3d7       98%         3
 Swiftness                Air            0%         N/A       98%         3
 Teleport Other           Tloc           0%         N/A       98%         3
 Tukima's Dance           Hex            0%         N/A       98%         3
 Volatile Blastmotes      Fire/Tloc      0%         2d10      98%         3
 Animate Armour           Summ/Erth      0%         N/A       100%        4
 Animate Dead             Necr           0%         N/A       100%        4
 Dispel Undead            Necr           0%         3d6       100%        4
 Flame Wave               Conj/Fire      0%         2d4       100%        4
 Fulminant Prism          Conj/Hex       0%         3d5       100%        4
 Iskenderun's Mystic Bla  Conj/Tloc      0%         2d3       100%        4
 Leda's Liquefaction      Hex/Erth       0%         N/A       100%        4
 Olgreb's Toxic Radiance  Pois           0%         N/A       100%        4
 Petrify                  Tmut/Erth      0%         N/A       100%        4
 Sticky Flame             Conj/Fire      0%         2d3       100%        4
 Agony                    Necr           0%         N/A       100%        5
 Blade Hands              Tmut           0%         N/A       100%        5
 Irradiate                Conj/Tmut      0%         3d11      100%        5
 Metabolic Englaciation   Hex/Ice        0%         N/A       100%        5
 Summon Forest            Summ/Tloc      0%         N/A       100%        5
 Yara's Violent Unravell  Hex/Tmut       0%         3d3       100%        5
 Conjure Ball Lightning   Conj/Air       0%         3x3d6     100%        6
 Death Channel            Necr           0%         N/A       100%        6
 Dispersal                Tloc           0%         N/A       100%        6
 Eringya's Noxious Bog    Tmut/Pois      0%         N/A       100%        6
 Simulacrum               Ice/Necr       0%         N/A       100%        6
 Starburst                Conj/Fire      0%         6d3       100%        6
 Statue Form              Tmut/Erth      0%         N/A       100%        6
 Enfeeble                 Hex            0%         N/A       100%        7
 Malign Gateway           Summ/Tloc      0%         N/A       100%        7
 Ozocubu's Refrigeration  Ice            0%         4d7       100%        7
 Summon Hydra             Summ           0%         N/A       100%        7
 Borgnjor's Revivificati  Necr           0%         N/A       100%        8
 Discord                  Hex            0%         N/A       100%        8
 Disjunction              Tloc           0%         N/A       100%        8
 Ignition                 Fire           0%         3d3       100%        8
 Lehudib's Crystal Spear  Conj/Erth      0%         10d2      100%        8
 Necromutation            Tmut/Necr      0%         N/A       100%        8
 Summon Horrible Things   Summ           0%         N/A       100%        8
 Chain Lightning          Conj/Air       0%         N/A       100%        9
 Death's Door             Necr           0%         N/A       100%        9
 Fire Storm               Conj/Fire      0%         5d1       100%        9
 Polar Vortex             Ice            0%         N/A       100%        9
 Shatter                  Erth           0%         3d5*      100%        9


Dungeon Overview and Level Annotations

Branches:
Dungeon (15/15)            Temple (1/1) D:6            Lair (5/5) D:8
 Shoals (4/4) Lair:2        Snake (4/4) Lair:2        Slime (5/5) Lair:4
    Orc (2/2) D:12            Elf (0/3) Orc:2        Vaults (0/5) D:14
 Depths (4/4) D:15            Zot (5/5) Depths:4      IceCv (visited)

Altars:
Ashenzari
Cheibriados
Dithmenos
Elyvilon
Fedhas
Gozag
Hepliaklqana
Kikubaaqudgha
Nemelex Xobeh
Okawaru
Qazlal
Ru
Sif Muna
Trog
Uskayaw
Vehumet
Wu Jian
Xom
Yredelemnul
Zin
The Shining One
Jiyva
Lugonu

Shops:
D:4 *   D:8 *[[*?   D:14 =*   Orc:2 =(*=   Shoals:1 *!   Depths:3 !((

Portals:
Hell: Depths:1 Depths:2 Depths:4
Abyss: Lair:5 Shoals:2 Depths:2
Pandemonium: Depths:2
Ziggurat: Depths:4
Trove: Depths:2 (show abyssal rune of Zot)

Annotations:
Zot:3 1 transporter


Innate Abilities, Weirdness & Mutations

You have a pair of horns on your head.
You reflexively headbutt those who attack you in melee.
You are clumsy. (Dex -2)
Your system is resistant to poisons. (rPois)
Your muscles are strong. (Str +4, Int/Dex -1)


Message History

(D) Dungeon (T) Temple (L) Lair (A) Shoals (P) Snake Pit (M) Slime Pits (O) Orcish Mines (E) Elven Halls (V) Vaults (U) Depths (H) Hell (Z) Zot
Where to? (Enter - D:1, ? - help)
There is a stone staircase leading up here.
You climb upwards.
There is a stone staircase leading down here.
There is a stone staircase leading up here.
You climb upwards.
There is a stone staircase leading down here.
A sixfirhy comes into view.
You slice the sixfirhy!! You freeze the sixfirhy.
The sixfirhy is severely wounded.
You slash the sixfirhy! You freeze the sixfirhy. You headbutt the sixfirhy.
You kill the sixfirhy!
(D) Dungeon (T) Temple (L) Lair (A) Shoals (P) Snake Pit (M) Slime Pits (O) Orcish Mines (E) Elven Halls (V) Vaults (U) Depths (H) Hell (Z) Zot
Where to? (Enter - D:1, ? - help)
There is an open door here.
You see here 5 stones.
There is an open door here.
You see here a +0 dagger.
There is a stone staircase leading up here.
You climb upwards.
There is a stone staircase leading down here.
A Toaqua and an orange demon come into view.
The orange demon screeches!
There is a stone staircase leading up here.
Toaqua hits you but does no damage.
You climb upwards.
There is a stone staircase leading down here.
(D) Dungeon (T) Temple (L) Lair (A) Shoals (P) Snake Pit (M) Slime Pits (O) Orcish Mines (E) Elven Halls (V) Vaults (U) Depths (H) Hell (Z) Zot
Where to? (Enter - D:1, ? - help)
What level of the Dungeon? (default 1, ? - help)
A rust devil comes into view.
There is a staircase leading out of the dungeon here.
You have escaped!

......#....#######.....# #....
......#....##.........## #####
......#....##.........# #######
......#....##.........# #......
..###......##.....♣...# #....##
......#..####....8....# ##......
......##.# #.........# #....^.#
.†....##.## #.........# #......#
......##..# #...@.....# #......#
......###'###.........# #......#
......#..............#####......#
.######......####..4............#
## #......####...............#
#......#............#######
#......#............#
#......#............### ###
#......#.......#'##...# #..


You could see a rust devil.

Vanquished Creatures
  the Royal Jelly (Slime:5)
  4 orbs of fire (Zot:5)
  4 dread liches (Zot:5)
  3 ancient liches (Zot:5)
  A juggernaut (Depths:3)
  Sojobo (Depths:4)
  3 Killer Klowns (Zot:5)
  A curse toe (Zot:1)
  2 golden dragons (Depths:3)
  A profane servitor (Depths:4)
  2 bone dragons (Depths:4)
  An electric golem (Zot:3)
  A Brimstone Fiend (Zot:3)
  Mlioglotl (Snake:2)
  13 Orb Guardians
  9 tentacled monstrosities
  2 quicksilver dragons
  A titan (Shoals:3)
  A sphinx (Depths:4)
  10 acid blobs
  A walking frostbound tome (Depths:4)
  A kraken (Shoals:3)
  Gastronok (Lair:3)
  2 death cobs
  Kirke (D:14)
  3 storm dragons
  2 tengu reavers (Depths:4)
  Roxanne (D:15)
  Agnes (D:15)
  6 rockslimes
  A draconian monk (Zot:1)
  Donald (Shoals:3)
  9 azure jellies
  The ghost of psellion the Skirmisher, an adept FoHs of Okawaru (D:14)
  18 nagarajas
  2 draconian knights
  10 frost giants
  8 fire giants
  The ghost of initializr the Eclecticist, a journeyman DECj of Vehumet (Snake:1)
  2 draconian scorchers
  A balrug (Depths:2)
  Louise (D:14)
  A draconian stormcaller (Depths:4)
  2 ghost moths
  12 quicksilver oozes
  20 very ugly things
  A draconian shifter (Zot:1)
  A draconian annihilator (Zot:1)
  A caustic shrike skeleton (Depths:2)
  2 vampire knights (Depths:2)
  A juggernaut skeleton (Depths:2)
  9 stone giants
  A black draconian (Zot:1)
  4 yellow draconians
  2 green draconians (Depths:4)
  A minotaur (Lair:3)
  5 red draconians
  3 purple draconians
  A white draconian (Zot:5)
  8 ettins
  8 merfolk javelineers
  A blizzard demon (Depths:1)
  Josephine (D:15)
  A deep elf high priest (Depths:4)
  6 fire dragons
  12 merfolk impalers
  The ghost of Ifreeg the Arsonist, a journeyman OpFE of Gozag (Lair:3)
  The ghost of Koushar the Blinker, a journeyman FeTm of Gozag (Snake:2)
  2 salamander tyrants
  7 great orbs of eyes
  2 spriggan air magi
  The ghost of Shym the Eclecticist, a journeyman DEIE of Sif Muna (Lair:4)
  7 hydras
  2 hell beasts
  10 ice dragons
  3 rakshasas
  An alligator snapping turtle (Shoals:4)
  11 two-headed ogres
  5 anacondas
  Erica (Orc:1)
  2 boulder beetles
  2 dancing weapons (D:14)
  3 death knights
  3 centaur warriors
  2 catoblepae
  8 deep troll shamans
  A merfolk aquamancer (Shoals:4)
  9 tengu warriors
  12 death yaks
  17 naga warriors
  3 deep troll earth magi (Depths:3)
  3 satyrs
  4 thrashing horrors (Lair:5)
  4 spriggan berserkers
  Urug (D:13)
  7 shock serpents
  A sun demon (D:9)
  20 naga sharpshooters
  3 orc high priests (Orc:2)
  Sonja (Lair:2)
  7 hell knights
  6 salamander mystics
  A titan skeleton (Depths:2)
  Nergalle (Orc:1)
  Amaemon (Lair:3)
  4 skysharks
  A spectral anaconda (Snake:2)
  3 sixfirhies
  5 skeletal warriors (D:14)
  6 iron trolls
  4 glowing orange brains
  9 sea snakes
  10 deep trolls
  A kraken simulacrum (Shoals:4)
  10 naga ritualists
  Pikel (D:5)
  3 flayed ghosts
  2 wizards
  An obsidian statue (D:14)
  A fire giant zombie (Depths:2)
  4 deep elf pyromancers
  4 necromancers
  22 ugly things
  5 orc knights
  12 harpies
  5 shining eyes
  14 cyclopes
  5 orc sorcerers (Orc:2)
  18 mana vipers
  25 salamanders
  7 fauns (Shoals:2)
  14 manticores
  2 centaur zombies (D:11)
  12 moths of wrath
  3 water nymphs
  15 naga magi
  6 guardian serpents
  5 merfolk sirens
  12 elephants
  2 eyes of devastation (Slime:5)
  43 black mambas
  An ice statue (IceCv)
  2 torpor snails (Lair:2)
  Joseph (D:8)
  Maurice (D:13)
  An orange demon (Lair:3)
  2 smoke demons (Depths:2)
  An unseen horror (D:12)
  6 cane toads
  2 komodo dragons
  2 hellions
  3 freezing wraiths (D:12)
  A yaktaur (shapeshifter) (Lair:5)
  10 rime drakes
  A spectral mana viper (Snake:2)
  2 ancient zymes (Lair:5)
  2 tormentors (Depths:2)
  2 kobold demonologists
  3 tengu conjurers
  An ice devil (Depths:2)
  A spriggan skeleton (Depths:2)
  7 trolls
  2 red devils (Depths:2)
  16 merfolk
  4 wind drakes
  5 polar bears (IceCv)
  3 hellwings (Depths:2)
  Grinder (D:5)
  Prince Ribbit (D:6)
  A raiju (shapeshifter) (Lair:5)
  28 blink frogs
  2 hornets (D:8)
  6 snapping turtles
  12 dream sheep
  A slime creature (shapeshifter) (Depths:4)
  2 shadows (D:10)
  16 water elementals
  A spectral black mamba (Snake:2)
  3 ynoxinuls
  27 slime creatures
  Eustachio (D:6)
  Sigmund (D:2)
  A spriggan (Lair:5)
  4 wyverns
  73 yaks
  A large abomination (Lair:5)
  11 wraiths
  A golden eye (Depths:2)
  2 steam dragons
  3 chaos spawn
  5 hogs (D:14)
  11 basilisks
  12 vampire mosquitoes
  Menkaure (D:6)
  12 water moccasins
  3 wargs
  44 nagas
  3 hell hounds (D:15)
  2 acid dragons
  Duvessa (D:5)
  A floating eye (Depths:2)
  A swamp drake (D:12)
  2 ice beasts
  22 orc warriors
  3 sky beasts
  3 black bears
  The ghost of Chingon the Chiller, an amateur DgIE (D:3)
  5 black mamba simulacra (Snake:2)
  5 centaurs
  5 ogres
  9 wolves
  3 lemures (D:5)
  2 phantoms (D:6)
  A kobold brigand (D:9)
  12 small abominations (Lair:5)
  12 bullfrogs
  4 gnoll sergeants
  A scorpion (D:3)
  11 wights (D:8)
  Dowan (D:5)
  3 spectral nagas (Snake:2)
  25 killer bees
  4 howler monkeys
  24 orc priests
  Crazy Yiuf (D:3)
  2 gnoll boudas
  2 hounds
  4 iguanas
  2 sleepcaps
  Jessica (D:2)
  Terence (D:2)
  22 orc wizards
  6 hell rats (Lair:4)
  Robin (D:3)
  18 gnolls
  11 adders
  14 white imps
  3 worms
  73 orcs
  11 ball pythons
  7 endoplasms
  3 giant cockroaches (D:1)
  24 goblins
  10 hobgoblins
  3 jackals (D:3)
  5 quokkas
  4 bats
  4 frilled lizards
  14 kobolds
  3 rats
  A lurking horror (Shoals:2)
  A tentacle (Shoals:3)
1498 creatures vanquished.

Vanquished Creatures (collateral kills)
  A Killer Klown (Zot:5)
  A tengu reaver (D:14)
  2 azure jellies (Slime:5)
  A draconian scorcher (Zot:5)
  A quicksilver ooze (Slime:5)
  A red draconian (Zot:5)
  A centaur warrior (D:14)
8 creatures vanquished.

Vanquished Creatures (others)
  A red draconian (Zot:5)
  A black mamba (Snake:2)
  A spectral mana viper (Snake:2)
  8 tentacles
11 creatures vanquished.

Grand Total: 1517 creatures vanquished

Notes
Turn   | Place    | Note
-------+----------+-------------------------------------------
     0 | D:1      | Anon1729 the Minotaur Monk began the quest for the Orb.
     0 | D:1      | Reached XP level 1. HP: 19/19 MP: 0/0
    53 | D:1      | Found a faded altar of an unknown god.
   280 | D:1      | Reached XP level 2. HP: 27/27 MP: 1/1
   459 | D:2      | Noticed Terence
   480 | D:2      | Killed Terence
   481 | D:2      | Reached skill level 1 in Armour
   481 | D:2      | Reached skill level 1 in Invocations
   481 | D:2      | Reached XP level 3. HP: 22/33 MP: 2/2
   540 | D:2      | Noticed Jessica
   545 | D:2      | Killed Jessica
   546 | D:2      | Reached XP level 4. HP: 35/40 MP: 2/4
   716 | D:2      | Noticed Sigmund
   722 | D:2      | Killed Sigmund
   723 | D:2      | Reached XP level 5. HP: 40/47 MP: 5/5
  1361 | D:3      | Reached XP level 6. HP: 49/55 MP: 6/6
  1453 | D:3      | Reached skill level 5 in Fighting
  1563 | D:3      | Identified the amulet of Appauxzi {Reflect rElec rPois
                  | Int+9 Dex-2 SH+5}
  1648 | D:3      | Found a runed translucent gate.
  1648 | D:3      | Found a runed translucent gate.
  1649 | D:3      | Found a runed translucent gate.
  1653 | D:3      | Noticed Chingon's ghost (amateur DgIE)
  1656 | D:3      | Identified the +6 mace "Killer Klown's Bane" {speed, rF+}
  1656 | D:3      | Identified the +5 chain mail of the Buccaneer {rElec
                  | Slay+5}
  1732 | D:3      | Found a runed translucent door.
  1733 | D:3      | Noticed Crazy Yiuf
  1850 | D:3      | Noticed Robin
  1861 | D:3      | Killed Robin
  1901 | D:3      | Found the +7 staff of the Meek {protect, meekguard}
  2199 | D:3      | Killed Chingon's ghost
  2295 | D:3      | Killed Crazy Yiuf
  2296 | D:3      | Reached XP level 7. HP: 61/61 MP: 8/8
  2423 | D:4      | Reached skill level 5 in Dodging
  2436 | D:4      | Identified the +0 ring mail "Ciriuq" {rElec Str+6 Stlth-}
  2475 | D:4      | Reached skill level 5 in Short Blades
  2522 | D:4      | Identified the amulet of Uliq {Rampage rF++ Will+ Regen+}
  2561 | D:4      | Found Cireaph's CLEARANCE SALE!.
  3020 | D:5      | Entered Level 5 of the Dungeon
  3023 | D:5      | Noticed Grinder
  3028 | D:5      | Killed Grinder
  3044 | D:5      | Reached XP level 8. HP: 70/70 MP: 9/9
  3062 | D:5      | Found a bloodstained altar of Trog.
  3068 | D:5      | Noticed Duvessa
  3069 | D:5      | Noticed Dowan
  3077 | D:5      | Killed Duvessa
  3086 | D:5      | Killed Dowan
  3087 | D:5      | Reached skill level 5 in Armour
  3251 | D:5      | Noticed Pikel
  3271 | D:5      | Killed Pikel
  3587 | D:6      | Noticed Eustachio
  3593 | D:6      | Killed Eustachio
  3594 | D:6      | Reached skill level 5 in Invocations
  3594 | D:6      | Reached XP level 9. HP: 79/79 MP: 11/11
  3624 | D:6      | Found a staircase to the Ecumenical Temple.
  3639 | D:6      | Noticed Prince Ribbit
  3645 | D:6      | Killed Prince Ribbit
  3680 | D:6      | Found a blossoming altar of Fedhas.
  3733 | D:6      | Noticed Menkaure
  3739 | D:6      | Killed Menkaure
  3944 | D:6      | Noticed a two-headed ogre
  3950 | D:6      | Killed a two-headed ogre
  4269 | Temple   | Entered the Ecumenical Temple
  4315 | Temple   | Became a worshipper of Uskayaw the Reveller
  4315 | Temple   | Reached * piety under Uskayaw
  4346 | D:7      | Reached ** piety under Uskayaw
  4348 | D:7      | Reached *** piety under Uskayaw
  4352 | D:7      | Reached **** piety under Uskayaw
  4575 | D:7      | Reached XP level 10. HP: 87/90 MP: 13/13
  4709 | D:7      | Found a hazy altar of Hepliaklqana.
  4997 | D:8      | Found Avuabbue's Assorted Antiques.
  5004 | D:8      | Bought a scroll of identify for 36 gold pieces
  5131 | D:8      | Reached ***** piety under Uskayaw
  5140 | D:8      | Found a staircase to the Lair.
  5154 | D:8      | Noticed a two-headed ogre
  5163 | D:8      | Killed a two-headed ogre
  5166 | D:8      | Reached ****** piety under Uskayaw
  5296 | D:8      | Noticed a manticore
  5299 | D:8      | Killed a manticore
  5300 | D:8      | Reached XP level 11. HP: 99/99 MP: 15/15
  5322 | D:8      | Noticed a two-headed ogre
  5328 | D:8      | Killed a two-headed ogre
  5329 | D:8      | Reached skill level 10 in Fighting
  5505 | D:8      | Found Hyuzept's Antique Armour Shop.
  5509 | D:8      | Found Sodain's Antique Armour Emporium.
  5534 | D:8      | Found Icve Exoo's Changing Room.
  5534 | D:8      | Noticed Joseph
  5539 | D:8      | Killed Joseph
  5780 | D:8      | Found Inir's Magic Scroll Shoppe.
  5787 | D:8      | Bought a scroll of enchant weapon for 112 gold pieces
  5787 | D:8      | Bought a scroll of identify for 30 gold pieces
  5787 | D:8      | Bought a scroll of teleportation for 45 gold pieces
  5787 | D:8      | Bought a scroll of fear for 60 gold pieces
  5787 | D:8      | Bought a scroll of fog for 60 gold pieces
  6029 | D:9      | Identified the +9 whip of the Hammering Asp {spect, rC+}
  6309 | D:9      | Noticed a two-headed ogre
  6315 | D:9      | Killed a two-headed ogre
  6407 | D:9      | Identified the +8 chain mail of Rutrunlo {Fly rPois rCorr
                  | Int-3}
  6466 | D:9      | Found a glowing golden altar of the Shining One.
  6567 | D:10     | Entered Level 10 of the Dungeon
  6688 | D:10     | Reached skill level 10 in Armour
  6775 | D:10     | Noticed a purple ugly thing
  6855 | D:10     | Noticed a four-headed hydra
  6870 | D:10     | Reached skill level 10 in Short Blades
  6877 | D:10     | Killed a purple ugly thing
  6878 | D:10     | Reached skill level 10 in Dodging
  6910 | D:10     | Killed a four-headed hydra
  6920 | D:10     | Identified the +7 falchion of Puomist Wayh {venom, rF+
                  | Will- rCorr}
  7215 | D:10     | Reached XP level 12. HP: 110/110 MP: 17/17
  7226 | D:10     | Noticed a two-headed ogre
  7232 | D:10     | Killed a two-headed ogre
  7452 | D:11     | Noticed a two-headed ogre
  7460 | D:11     | Killed a two-headed ogre
  7524 | D:11     | Identified the +6 leather armour of Kion {Str+3 Stlth+}
  7590 | D:11     | Noticed a two-headed ogre
  7602 | D:11     | Killed a two-headed ogre
  7915 | D:11     | Found a basalt altar of Yredelemnul.
  8014 | Lair:1   | Entered Level 1 of the Lair of Beasts
  8510 | Lair:1   | Noticed a death yak
  8511 | Lair:1   | Noticed a death yak
  8511 | Lair:1   | Noticed a death yak
  8511 | Lair:1   | Noticed a death yak
  8511 | Lair:1   | Noticed a death yak
  8520 | Lair:1   | Killed a death yak
  8540 | Lair:1   | Killed a death yak
  8546 | Lair:1   | Killed a death yak
  8546 | Lair:1   | Killed a death yak
  8547 | Lair:1   | Reached skill level 10 in Invocations
  8549 | Lair:1   | Killed a death yak
  8908 | Lair:2   | Found a staircase to the Snake Pit.
  8933 | Lair:2   | Reached XP level 13. HP: 100/119 MP: 19/19
  9029 | Lair:2   | Noticed Sonja
  9033 | Lair:2   | Killed Sonja
  9077 | Lair:2   | Found a frozen archway.
  9111 | IceCv    | Entered an ice cave
  9610 | IceCv    | Noticed a frost giant
  9628 | IceCv    | Killed a frost giant
  9715 | IceCv    | Found the +2 hood of the Assassin {Detect Stab+ Stlth++}
  9957 | Lair:2   | Identified the +2 robe "Foczy" {Fly}
 10297 | Lair:2   | Found a staircase to the Shoals.
 10417 | Lair:3   | Noticed a minotaur
 10417 | Lair:3   | Noticed Ifreeg's ghost (journeyman OpFE)
 10535 | Lair:3   | Reached skill level 1 in Axes
 10552 | Lair:3   | Found a runed translucent gate.
 10552 | Lair:3   | Found a runed translucent gate.
 10552 | Lair:3   | Found a runed translucent gate.
 10750 | Lair:3   | Noticed Amaemon
 10762 | Lair:3   | Killed Amaemon
 10763 | Lair:3   | Reached XP level 14. HP: 121/130 MP: 21/21
 10971 | Lair:3   | Noticed Gastronok
 10987 | Lair:3   | Killed Gastronok
 11139 | Lair:3   | Killed Ifreeg's ghost
 11203 | Lair:3   | Reached XP level 15. HP: 137/137 MP: 22/22
 11226 | Lair:4   | Found a staircase to the Slime Pits.
 11528 | Lair:4   | Found a runed translucent door.
 11530 | Lair:4   | Noticed Shym's ghost (journeyman DEIE)
 12038 | Lair:4   | Killed Shym's ghost
 12073 | Lair:5   | Entered Level 5 of the Lair of Beasts
 12272 | Lair:5   | Reached skill level 10 in Axes
 12760 | Lair:5   | Found a corrupted altar of Lugonu.
 12760 | Lair:5   | Found a one-way gate to the infinite horrors of the Abyss.
 13680 | D:12     | Found a staircase to the Orcish Mines.
 13913 | D:12     | You fall into a shaft and drop 3 floors!
 13913 | D:15     | Entered Level 15 of the Dungeon
 13981 | D:14     | Noticed Kirke
 13987 | D:14     | Killed Kirke
 14028 | D:14     | Noticed Louise
 14041 | D:14     | Killed Louise
 14042 | D:14     | Reached XP level 16. HP: 129/147 MP: 24/24
 14060 | D:14     | Reached skill level 15 in Fighting
 14197 | D:14     | Found a gate to the Vaults.
 14397 | D:14     | Found a runed translucent gate.
 14398 | D:14     | Noticed a tengu reaver
 14399 | D:14     | Found a runed translucent gate.
 14400 | D:14     | Found a runed translucent gate.
 14400 | D:14     | Found an opulent altar of Gozag.
 14400 | D:14     | Found Cotakk's Assorted Antiques.
 14400 | D:14     | Noticed psellion's ghost (adept FoHs)
 14534 | D:14     | Found Toupy's Jewellery Boutique.
 14599 | D:14     | Killed psellion's ghost
 14610 | D:14     | Killed a tengu reaver
 15169 | D:13     | Noticed Maurice
 15182 | D:13     | Killed Maurice
 15432 | D:13     | Noticed Urug
 15437 | D:13     | Killed Urug
 15722 | D:12     | Found a stormy altar of Qazlal.
 16574 | D:15     | Reached skill level 15 in Armour
 16611 | D:15     | Noticed Agnes
 16618 | D:15     | Killed Agnes
 16988 | D:15     | Found a staircase to the Depths.
 17057 | D:15     | Noticed Josephine
 17064 | D:15     | Killed Josephine
 17182 | D:15     | Noticed Roxanne
 17206 | D:15     | Killed Roxanne
 17579 | Orc:1    | Entered Level 1 of the Orcish Mines
 17606 | Orc:1    | Noticed Erica
 17613 | Orc:1    | Killed Erica
 17660 | Orc:1    | Noticed Nergalle
 17675 | Orc:1    | Killed Nergalle
 18013 | Orc:2    | Entered Level 2 of the Orcish Mines
 18123 | Orc:2    | Found a staircase to the Elven Halls.
 18303 | Orc:2    | Found Fufu's Jewellery Emporium.
 18321 | Orc:2    | Found Tonish's Jewellery Shop.
 18321 | Orc:2    | Found Vafredgh Felo's Antique Weapon Shop.
 18329 | Orc:2    | Found Jaer's General Store.
 18429 | Orc:2    | Bought the ring "Nagudepp" {EV+5 Str+5} for 802 gold pieces
 18434 | Orc:2    | Bought a potion of heal wounds for 90 gold pieces
 18434 | Orc:2    | Bought a scroll of enchant armour for 135 gold pieces
 18434 | Orc:2    | Bought a scroll of silence for 171 gold pieces
 18757 | Snake:1  | Entered Level 1 of the Snake Pit
 18763 | Snake:1  | Reached XP level 17. HP: 153/158 MP: 25/25
 19106 | Snake:1  | Reached skill level 15 in Axes
 19127 | Snake:1  | Noticed initializr's ghost (journeyman DECj)
 19204 | Snake:1  | Found a transporter.
 19216 | Snake:1  | Found a transporter.
 19217 | Snake:1  | Found a bloodstained altar of Trog.
 19455 | Snake:1  | Killed initializr's ghost
 19560 | Snake:1  | Identified the staff "Bifeb" {rPois Int+4 Poison}
 19652 | Snake:2  | Reached skill level 15 in Dodging
 19670 | Snake:2  | Noticed Mlioglotl
 19674 | Snake:2  | Killed Mlioglotl
 19710 | Snake:2  | HP: 6/160 [naga sharpshooter/arrow (7)]
 19897 | Snake:2  | Got the Grimoire of Ghastly Pyromania
 20145 | Snake:2  | Found a runed translucent gate.
 20145 | Snake:2  | Found a runed translucent gate.
 20145 | Snake:2  | Found a runed translucent gate.
 20145 | Snake:2  | Noticed Koushar's ghost (journeyman FeTm)
 20651 | Snake:2  | Killed Koushar's ghost
 20869 | Snake:3  | Identified the +1 dagger of Action {flame, Fly rN+ Int-3
                  | Stlth+}
 20940 | Snake:3  | Identified the +4 ring mail of the Trombone {rC++ Int+4}
 21039 | Snake:3  | Reached XP level 18. HP: 151/168 MP: 27/27
 21824 | Snake:4  | Entered Level 4 of the Snake Pit
 21939 | Snake:4  | Identified the +4 scale mail of Wakk {-Tele rElec rCorr
                  | Int+3}
 22296 | Shoals:1 | Entered Level 1 of the Shoals
 22578 | Shoals:1 | Found Ciorchips's General Store.
 22869 | Shoals:1 | Found Etaot's Distillery.
 22876 | Shoals:1 | Bought a potion of curing for 48 gold pieces
 22876 | Shoals:1 | Bought a potion of heal wounds for 80 gold pieces
 22876 | Shoals:1 | Bought a potion of curing for 48 gold pieces
 22876 | Shoals:1 | Bought a potion of resistance for 160 gold pieces
 22876 | Shoals:1 | Bought a potion of berserk rage for 80 gold pieces
 22876 | Shoals:1 | Bought a potion of lignification for 48 gold pieces
 23600 | Shoals:2 | Found a corrupted altar of Lugonu.
 24143 | Shoals:3 | Noticed Donald
 24160 | Shoals:3 | Killed Donald
 24335 | Shoals:3 | Reached skill level 1 in Shields
 24417 | Shoals:3 | Identified the +6 hand axe "Itiexat" {freeze, Fragile rCorr
                  | Dex+5}
 24419 | Shoals:3 | Got the Anthology of the Volley and Blasphemous Acts
 24685 | Shoals:3 | Reached skill level 1 in Evocations
 25127 | Shoals:4 | Entered Level 4 of the Shoals
 25528 | Shoals:4 | Reached XP level 19. HP: 131/179 MP: 29/29
 25748 | Shoals:4 | Got a barnacled rune of Zot
 25921 | Shoals:4 | Reached skill level 5 in Shields
 26413 | Depths:1 | Entered Level 1 of the Depths
 26707 | Depths:1 | Reached skill level 15 in Invocations
 26804 | Depths:1 | Found a gateway to Hell.
 26904 | Depths:1 | Found a radiant altar of Vehumet.
 27664 | Depths:2 | Identified the +1 leather armour "Idaqiown" {rN++}
 27890 | Depths:2 | Paralysed by a floating eye for 4 turns
 27949 | Depths:2 | Found a viscous altar of Jiyva.
 27956 | Depths:2 | Reached XP level 20. HP: 189/189 MP: 30/30
 28398 | Depths:2 | Found a one-way gate leading to the halls of Pandemonium.
 28606 | Depths:2 | Found a portal to a secret trove of treasure.
 28803 | Depths:2 | Found a shimmering blue altar of Sif Muna.
 28979 | Depths:3 | Noticed a juggernaut
 28988 | Depths:3 | Noticed a golden dragon
 28989 | Depths:3 | Killed a juggernaut
 29013 | Depths:3 | Reached skill level 5 in Evocations
 29020 | Depths:3 | Killed a golden dragon
 29021 | Depths:3 | Noticed a golden dragon
 29039 | Depths:3 | Reached skill level 10 in Shields
 29040 | Depths:3 | Killed a golden dragon
 29302 | Depths:3 | Found a sacrificial altar of Ru.
 29421 | Depths:3 | Found Cuhow's Distillery.
 29423 | Depths:3 | Found Jixairoh's Weapon Emporium.
 29423 | Depths:3 | Found Niluy's Antique Weapon Shoppe.
 29423 | Depths:3 | You are sucked into a shaft and drop 1 floor!
 29423 | Depths:4 | Entered Level 4 of the Depths
 29426 | Depths:4 | Noticed a bone dragon
 29428 | Depths:4 | Noticed a bone dragon
 29430 | Depths:4 | Found a gate to the Realm of Zot.
 29435 | Depths:4 | Killed a bone dragon
 29443 | Depths:4 | Killed a bone dragon
 29576 | Depths:4 | Noticed Sojobo
 29583 | Depths:4 | Paralysed by an air elemental for 1 turns
 29589 | Depths:4 | Killed Sojobo
 29748 | Depths:4 | Reached XP level 21. HP: 184/198 MP: 31/31
 29821 | Depths:4 | Found a one-way gateway to a ziggurat.
 30728 | Slime:1  | Entered Level 1 of the Pits of Slime
 30892 | Slime:5  | Entered Level 5 of the Pits of Slime
 30950 | Slime:5  | Noticed the Royal Jelly
 30951 | Slime:5  | Found a viscous altar of Jiyva.
 30963 | Slime:5  | Killed the Royal Jelly
 31160 | Slime:5  | Gained mutation: Your body sometimes deteriorates upon
                  | taking damage. [a shining eye]
 31173 | Slime:5  | Identified the +5 plate armour of the Endless Expanse
                  | {Dex+4}
 31180 | Slime:5  | Identified the -1 helmet of the Desert {Will+ Str-4 SInv}
 31183 | Slime:5  | Identified the ring "Xuynnatu" {*Slow Will+++ Dex+6 Slay+4}
 31252 | Slime:5  | Got a slimy rune of Zot
 31293 | Slime:5  | Got the Elucidation of the Ensnaring Atmosphere
 31316 | Slime:5  | Got Niturav's Octavo of the Dead
 32892 | Snake:4  | Got a serpentine rune of Zot
 33388 | Zot:1    | Entered Level 1 of the Realm of Zot
 33388 | Zot:1    | You are sucked into a shaft and drop 1 floor!
 33451 | Zot:1    | Noticed a curse toe
 33555 | Zot:1    | Killed a curse toe
 33972 | Zot:3    | Found a transporter.
 34044 | Zot:5    | Entered Level 5 of the Realm of Zot
 34233 | Zot:5    | Reached XP level 22. HP: 175/209 MP: 33/33
 34631 | Zot:5    | Gained mutation: You sometimes lose your temper in combat.
                  | [mutagenic glow]
 34632 | Zot:5    | Noticed an ancient lich
 34634 | Zot:5    | Noticed an orb of fire
 34636 | Zot:5    | Noticed an orb of fire
 34641 | Zot:5    | Gained mutation: You are occasionally teleported next to
                  | monsters. [mutagenic glow]
 34642 | Zot:5    | Noticed an orb of fire
 34651 | Zot:5    | Gained mutation: Your magical capacity is low. (-10% MP)
                  | [an orb of fire]
 34654 | Zot:5    | Noticed a dread lich
 34655 | Zot:5    | Killed an orb of fire
 34657 | Zot:5    | Killed an orb of fire
 34658 | Zot:5    | Noticed an orb of fire
 34658 | Zot:5    | Killed an orb of fire
 34661 | Zot:5    | Noticed a dread lich
 34661 | Zot:5    | Noticed a Killer Klown
 34668 | Zot:5    | Killed an ancient lich
 34669 | Zot:5    | Killed a dread lich
 34669 | Zot:5    | Noticed a Killer Klown
 34671 | Zot:5    | Noticed a dread lich
 34671 | Zot:5    | Noticed an ancient lich
 34671 | Zot:5    | Noticed a dread lich
 34672 | Zot:5    | Killed an orb of fire
 34672 | Zot:5    | Noticed an ancient lich
 34674 | Zot:5    | Noticed a Killer Klown
 34681 | Zot:5    | Noticed a Killer Klown
 34690 | Zot:5    | Killed an ancient lich
 34691 | Zot:5    | Killed an ancient lich
 34695 | Zot:5    | Paralysed by a dread lich for 3 turns
 34704 | Zot:5    | Killed a dread lich
 34710 | Zot:5    | Killed a dread lich
 34716 | Zot:5    | Gained mutation: Armour fits poorly on your strangely
                  | shaped body. [mutagenic glow]
 34719 | Zot:5    | Killed a dread lich
 34720 | Zot:5    | Reached skill level 15 in Shields
 34724 | Zot:5    | Killed a Killer Klown
 34736 | Zot:5    | Killed a Killer Klown
 34745 | Zot:5    | Killed a Killer Klown
 34746 | Zot:5    | Killed a Killer Klown
 34790 | Zot:5    | Got the Orb of Zot
 34967 | Zot:1    | Noticed a golden dragon
 35067 | Depths:2 | Lost mutation: Your body sometimes deteriorates upon taking
                  | damage. [potion of mutation]
 35067 | Depths:2 | Lost mutation: Armour fits poorly on your strangely shaped
                  | body. [potion of mutation]
 35067 | Depths:2 | Gained mutation: Your magical capacity is very low. (-20%
                  | MP) [potion of mutation]
 35067 | Depths:2 | Gained mutation: You are frail. (-10% HP) [potion of
                  | mutation]
 35068 | Depths:2 | Lost mutation: Your magical capacity is very low. (-20% MP)
                  | [potion of mutation]
 35068 | Depths:2 | Lost mutation: You sometimes lose your temper in combat.
                  | [potion of mutation]
 35068 | Depths:2 | Gained mutation: You are partially covered in iridescent
                  | scales. (AC +2) [potion of mutation]
 35068 | Depths:2 | Gained mutation: Your muscles are strong. (Str +4, Int/Dex
                  | -1) [potion of mutation]
 35068 | Depths:2 | Gained mutation: You passively map a small area around you.
                  | [potion of mutation]
 35069 | Depths:2 | Lost mutation: You passively map a small area around you.
                  | [potion of mutation]
 35069 | Depths:2 | Lost mutation: You are partially covered in iridescent
                  | scales. (AC +2) [potion of mutation]
 35069 | Depths:2 | Lost mutation: You are frail. (-10% HP) [potion of
                  | mutation]
 35069 | Depths:2 | Gained mutation: You are agile. (Dex +4, Str/Int -1)
                  | [potion of mutation]
 35070 | Depths:2 | Lost mutation: You are occasionally teleported next to
                  | monsters. [potion of mutation]
 35070 | Depths:2 | Lost mutation: Your magical capacity is low. (-10% MP)
                  | [potion of mutation]
 35070 | Depths:2 | Lost mutation: You are agile. (Dex +4, Str/Int -1) [potion
                  | of mutation]
 35070 | Depths:2 | Gained mutation: Your system is resistant to poisons.
                  | (rPois) [potion of mutation]
 35257 | D:14     | Gained mutation: You are clumsy. (Dex -2) [a cacodemon]
 35269 | D:13     | Noticed Toezog the pandemonium lord
 35510 | D:2      | Noticed Toaqua the pandemonium lord
 35540 | D:$      | Escaped with the Orb!

Illustrated notes

Levels and vault maps discovered:
D:1:      wander_arrival_peaceful_grave, layout_basic,
          ebering_ecumenical_altar_box, grunt_decor_one_mirror
D:2:      layout_basic, minmay_split_cup_small, uniq_terence, uniq_sigmund,
          uniq_jessica
D:3:      kennysheep_goblin_castle, layout_basic, biasface_ghost_orc_armoury,
          uniq_crazy_yiuf_cottage
D:4:      layout_loops_cross, nicolae_shop_clearance
D:5:      layout_rooms, mainiacjoe_overflow_cross_hatched, uniq_pikel,
          uniq_grinder, uniq_duvessa
D:6:      layout_gridville, mainiacjoe_overflow_boulevard,
          minmay_temple_entry_crystal_x, uniq_prince_ribbit1, uniq_eustachio,
          uniq_menkaure
D:7:      layout_loops_ring, nicolae_hepliaklqana_hippocampus
D:8:      minmay_imperfect_grid, layout_basic, serial_shops, shop, shop, shop,
          nicolae_shop_crystal, nicolae_transmutations_shop, uniq_joseph
D:9:      layout_loops_ring, tso_altar, item_on_display_a
D:10:     layout_irregular_city, minmay_mirror_moons_of_madness
D:11:     layout_roguey, lemuel_zombie_altar_yredelemnul
D:12:     layout_basic, erik_orc_1, grunt_qazlal_clouds
D:13:     layout_loops_ring, uniq_urug, uniq_maurice
D:14:     layout_rooms, erik_vaults_1, small_statue_intersection,
          ebering_ghost_gozag, serial_shops, nicolae_shop_gaudy_bauble,
          uniq_louise, uniq_kirke
D:15:     grunt_enter_depths_snipers, layout_stronghold,
          nicolae_twisting_strands, uniq_josephine, uniq_agnes, uniq_roxanne
Temple:   nicolae_temple_two_arcs
Lair:1:   layout_gridlike
Lair:2:   hellmonk_ruined_rings, layout_misc_corridors, minmay_shoals_entry_hut,
          guppyfry_snake_entry_island, portal_ice_cave_entry_imps, uniq_sonja
Lair:3:   layout_long_grid, maelrawn_ghost_gauntlet_escape,
          nzn_sisyphean_effort, uniq_amaemon, uniq_gastronok
Lair:4:   layout_gridlike, slime_entry_1, hellmonk_ghost_happy_afterlife,
          st_stairs_5, lemuel_fruit_tree, grunt_megastairs_4
Lair:5:   hellmonk_lair_end_abyssal_woods, layout_hall_layers
Shoals:1: layout_shoals, serial_shops, shop, nicolae_shoals_c_island
Shoals:2: layout_shoals, amcnicky_altar_lugonu_corruption
Shoals:3: cheibrodos_shoals_gigantism, layout_shoals, uniq_donald
Shoals:4: shoals_end_grunt_ice, layout_shoals
Snake:1:  layout_rooms, gammafunk_ghost_wrathful_warriors, grunt_megastairs_3
Snake:2:  layout_onion_interference, gammafunk_ghost_necromancy, drop_trap,
          uniq_mlioglotl
Snake:3:  layout_chambers
Snake:4:  grunt_snake_rune_spirals, layout_onion
Slime:1:  layout_caves
Slime:2:  layout_caves
Slime:3:  layout_caves
Slime:4:  cheibrodos_slime_lost_civilization_1, layout_caves
Slime:5
Orc:1:    layout_caves, uniq_erica, uniq_nergalle
Orc:2:    st_orc_elflike, layout_diamond_mine
Depths:1: layout_gridlike, hell_entry, minmay_misc_feat_pillars,
          nicolae_vehumet_radiance
Depths:2: kennysheep_six_static_rooms, layout_cave_pools, lightli_too_deep,
          serial_bayou, serial_bayou_shore_a, serial_bayou_lagoon_b,
          serial_bayou_pond_b, serial_bayou_pond_e, serial_bayou_pond_e,
          serial_bayou_pond_c, special_room [special_room_jelly], enter_trove_1,
          grunt_pan_entry_in_and_out, lemuel_blue_sif_altar,
          abyss_entry_small_statue_room, eino_tiny_chamber,
          infiniplex_staircase_zigzag_1
Depths:3: minmay_connected_boxes_in_corner, layout_small_grid,
          nicolae_hell_entry_big_baal_hell, abyss_entry_crystal,
          nicolae_ru_sacrificial_ziggurat, firewood_loft,
          infiniplex_staircase_river, minmay_shoptagon, uniq_boris
Depths:4: grunt_zot_entry_bicorn, layout_basic, enter_ziggurat_b, serial_glass,
          glass_columns_a, glass_columns_b, glass_columns_a, hell_entry,
          chequers_serial_rivers_micro_a, uniq_sojobo
Zot:1:    layout_misc_corridors
Zot:2:    layout_misc_corridors, st_stairs_9, uniq_vv
Zot:3:    layout_misc_corridors, nicolae_transporter_circle, grunt_megastairs_5,
          uniq_parghit
Zot:4:    layout_gridlike
Zot:5:    layout_misc_corridors, grunt_megastairs_2

Skill      XL: |  1  2  3  4  5  6  7  8  9 10 11 12 13 14 15 16 17 18 19 20 21 22 |
---------------+-------------------------------------------------------------------+-----
Fighting       | 4 5 6 7 8 9 11 12 13 14 15 16 17 18 19 20 | 20.5
Armour         | 1 2 3 4 6 7 9 10 11 13 14 15 16 17 18 19 20 | 20.2
Invocations    | 1 2 3 5 6 7 8 10 11 12 13 14 15 16 | 16.9
Short Blades   | 4 5 6 7 9 10 11 12 | 12.4
Dodging        | 4 5 6 7 9 10 11 12 13 14 15 16 17 18 | 18.6
Axes           | 2 8 11 14 16 18 19 20 | 20.8
Shields        | 3 8 11 13 15 | 15.5
Evocations     | 1 4 6 7 8 |  8.3

Action                     |  1- 3 |  4- 6 |  7- 9 | 10-12 | 13-15 | 16-18 | 19-21 | 22-24 || total
---------------------------+-------+-------+-------+-------+-------+-------+-------+-------++-------
  Melee: Short sword       |    36 |       |       |       |       |       |       |       ||    36
         Headbutt          |     9 |    21 |    57 |   136 |   250 |   267 |   326 |    36 ||  1102
         Falchion          |     5 |   106 |       |       |   368 |       |       |       ||   479
         Mace              |       |     2 |   201 |   449 |   235 |       |       |       ||   887
         Battleaxe         |       |       |       |       |    54 |   129 |       |       ||   183
         Broad axe         |       |       |       |       |       |   819 |   949 |   126 ||  1894
  Throw: Throwing net      |     1 |       |       |       |       |       |       |       ||     1
 Invoke: Line Pass         |       |       |       |     2 |     1 |       |     1 |       ||     4
         Grand Finale      |       |       |       |     1 |       |     5 |     7 |     1 ||    14
         Stomp             |       |       |       |       |     4 |     4 |     3 |       ||    11
  Evoke: Wand              |       |       |       |       |     7 |       |    11 |    14 ||    32
         Phial of floods   |       |       |       |       |       |       |       |     1 ||     1
    Use: Potion            |     2 |     3 |       |       |     1 |     2 |     7 |    21 ||    36
         Scroll            |       |     4 |     3 |    10 |     4 |     8 |    13 |     6 ||    48
   Stab: Held in net/web   |     1 |       |       |       |       |       |       |       ||     1
         Paralysed         |       |       |     2 |    49 |    92 |   147 |   137 |    10 ||   437
         Distracted        |       |       |       |       |     1 |       |       |       ||     1
         Petrified         |       |       |       |       |     4 |       |       |       ||     4
         Confused          |       |       |       |       |       |       |     1 |       ||     1
         Invisible         |       |       |       |       |       |       |       |     1 ||     1
 Armour: Robe              |     5 |       |       |       |       |       |       |       ||     5
         Scale mail        |     1 |    54 |       |       |       |       |       |       ||    55
         Chain mail        |       |       |    85 |   242 |   419 |   438 |   336 |    57 ||  1577
  Dodge: Dodged            |    27 |    66 |    82 |   290 |   533 |   750 |   720 |   125 ||  2593
  Block: Orb               |       |    18 |    19 |       |       |       |       |       ||    37
         Reflection        |       |       |     1 |       |       |       |       |       ||     1

Table legend: (Time is in decaauts)
 A = Elapsed time spent in this place.
 B = Non-inter-level travel time spent in this place.
 C = Inter-level travel time spent in this place.
 D = Time resting spent in this place.
 E = Time spent auto-exploring this place.
 F = Levels seen in this place.
 G = Mean time per level.
                   A        B        C        D        E       F      G
               +--------+--------+--------+--------+--------+-----+--------+
         Total |  35095 |  30661 |   4434 |   1839 |  22141 |  46 |  762.9 |
       Dungeon |  13540 |  11435 |   2105 |    458 |   8776 |  15 |  902.7 |
        Temple |     54 |     46 |      8 |      0 |     25 |   1 |   54.0 |
          Lair |   5337 |   4480 |    857 |     83 |   3500 |   5 | 1067.4 |
        Shoals |   3534 |   3365 |    169 |      4 |   2860 |   4 |  883.5 |
     Snake Pit |   4384 |   3904 |    480 |    326 |   2679 |   4 | 1096.0 |
    Slime Pits |    609 |    553 |     56 |    188 |      0 |   5 |  121.8 |
  Orcish Mines |   1020 |    979 |     41 |     30 |    787 |   2 |  510.0 |
        Depths |   4424 |   3788 |    636 |    383 |   2536 |   4 | 1106.0 |
           Zot |   1464 |   1386 |     78 |    339 |    571 |   5 |  292.8 |
      Ice Cave |    726 |    726 |      0 |     27 |    406 |   1 |  726.0 |
               +--------+--------+--------+--------+--------+-----+--------+

Top non-repeatable levels by time:
Depths:2: 1429 daAuts
    D:15: 1408 daAuts
  Lair:5: 1361 daAuts
  Lair:1: 1299 daAuts
Depths:1: 1256 daAuts
    D:12: 1250 daAuts
 Snake:3: 1183 daAuts
Depths:4: 1129 daAuts
 Snake:4: 1122 daAuts
     D:8: 1087 daAuts
     D:3: 1047 daAuts
 Snake:2: 1044 daAuts
 Snake:1: 1034 daAuts
    D:13: 1023 daAuts
    D:14: 1004 daAuts
